 Dungeon Crawl Stone Soup version 0.26.1-11-gd32895ea62 (webtiles) character file.

Game seed: 11710592851567478624

97 Gabide the Digger (level 4, -5/24 HPs)
             Began as a Gargoyle Earth Elementalist on June 18, 2021.
             Killed from afar by an orc wizard (6 damage)
             ... with a magic dart
             ... on level 3 of the Dungeon.
             The game lasted 00:05:31 (2537 turns).

Gabide the Digger (Gargoyle Earth Elementalist)     Turns: 2537, Time: 00:05:32

Health: -5/24      AC:  6    Str: 12    XL:     4   Next: 68%
Magic:  3/8        EV: 12    Int: 16    God:
Gold:   128        SH:  0    Dex: 10    Spells: 1/9 levels left

rFire    . . .     SeeInvis .   h - +3 whip (elec)
rCold    . . .     Faith    .   (no shield)
rNeg     + . .     Spirit   .   c - +0 robe
rPois    ∞         Reflect  .   (no helmet)
rElec    +         Harm     .   (no cloak)
rCorr    .         Rampage  .   d - +0 pair of gloves
Will     .....                  (no boots)
Stlth    ++........             (no amulet)
HPRegen  0.08/turn              (no ring)
MPRegen  0.11/turn              (no ring)

@: no status effects
A: negative energy resistance 1, electricity resistance, unbreathing,
petrification resistance, miasma immunity, AC +3
a: no special abilities


You were on level 3 of the Dungeon.
You visited 1 branch of the dungeon, and saw 3 of its levels.

You collected 128 gold pieces.

Inventory:

Hand Weapons
 h - a +3 whip of electrocution (weapon)
Missiles
 n - 50 stones
Armour
 c - a +0 robe (worn)
 d - a +0 pair of gloves (worn)
Jewellery
 g - an uncursed ring of fire
 m - an uncursed ring of willpower
Scrolls
 b - a scroll of immolation {unknown}
 o - 2 scrolls of identify
Potions
 a - 3 potions of haste
 e - 2 potions of heal wounds
 f - a potion of resistance
 i - a potion of berserk rage
 j - a potion of magic {unknown}
 k - a potion of degeneration {unknown}
 l - a potion of curing {unknown}


   Skills:
 + Level 1.6 Dodging
 + Level 2.2 Stealth
 + Level 3.0 Spellcasting
 + Level 0.8 Transmutations
 * Level 5.4 Earth Magic


You had one spell level left.
You knew the following spells:

 Your Spells              Type           Power        Failure   Level
a - Sandblast             Erth           38%          1%          1
b - Stone Arrow           Conj/Erth      22%          19%         3
c - Petrify               Tmut/Erth      12%          45%         4

Your spell library contained the following spells:

 Spells                   Type           Power        Failure   Level
 Passwall                 Tmut/Erth      10%          8%          2
 Lee's Rapid Deconstruct  Erth           9%           50%         5


Dungeon Overview and Level Annotations

Branches:
Dungeon (3/15)

Altars:
Cheibriados


Innate Abilities, Weirdness & Mutations

You are resistant to torment.
Your stone body is resilient. (AC +3)
You are immune to poison.
You resist negative energy. (rN+)
You are resistant to electric shocks. (rElec)
You can survive without breathing.
You are immune to petrification.
You are immune to miasma.


Message History

The orc wizard gestures wildly while chanting.
The orc wizard blinks!
You hear some strange, mumbled words.
A puff of frost appears from out of thin air!
The puff of frost hits you.
You closely miss something. Something hits you but does no damage.
The orc wizard mumbles some strange words.
The orc wizard blinks!
You hit something.
You hear some strange, mumbled words.
A puff of frost appears from out of thin air!
The puff of frost misses you.
You closely miss something. Something hits you.
The orc wizard casts a spell at you. The magic dart hits you!
* * * LOW HITPOINT WARNING * * *
You barely miss something. Something hits you but does no damage.
The orc wizard gestures at you while chanting.
The magic dart hits you.
You die...

#.........#
+.........+
#.........#
##.......##
##.o...##
##...##
##'## #.#
#@# #{# .o)
.....
##....#
##.#.#
###.# .#


You could see an orc wizard and an orc.

Vanquished Creatures
  A gnoll (D:1)
  3 adders (D:2)
  2 worms
  2 dart slugs
  2 leopard geckos (D:1)
  An orc (D:3)
  6 bats
  5 giant cockroaches
  6 goblins
  A hobgoblin (D:2)
  2 jackals (D:3)
  4 kobolds
  2 quokkas (D:2)
  6 frilled lizards
  7 rats
50 creatures vanquished.

Notes
Turn   | Place    | Note
-------+----------+-------------------------------------------
     0 | D:1      | Gabide the Gargoyle Earth Elementalist began the quest for
                  | the Orb.
     0 | D:1      | Reached XP level 1. HP: 10/10 MP: 3/3
    42 | D:1      | Reached skill level 4 in Earth Magic
    42 | D:1      | Reached XP level 2. HP: 15/15 MP: 1/5
   299 | D:1      | Reached XP level 3. HP: 19/19 MP: 4/6
  1014 | D:2      | Reached XP level 4. HP: 24/24 MP: 6/8
  1220 | D:2      | Reached skill level 5 in Earth Magic
  2103 | D:3      | Found a snail-covered altar of Cheibriados.
  2191 | D:3      | Learned a level 3 spell: Stone Arrow
  2196 | D:3      | Learned a level 4 spell: Petrify
  2536 | D:3      | HP: 1/24 [orc wizard/magic dart (9)]
  2537 | D:3      | Killed from afar by an orc wizard

Illustrated notes

Levels and vault maps discovered:
D:1:      lemuel_arrival_broad_hall, layout_basic
D:2:      layout_basic
D:3:      layout_loops_corners, portal_sewer_entry_b, minmay_liquid_box,
          kennysheep_slug_shrine

Skill      XL: |  1  2  3  4 |
---------------+-------------+-----
Earth Magic    | 4 5 |  5.4
Spellcasting   | 3 |  3.0
Dodging        | |  1.6
Stealth        | |  2.2
Transmutations | |  0.8

Action                   |  1- 3 |  4- 6 || total
-------------------------+-------+-------++-------
Melee: Halberd           |     5 |       ||     5
       Whip              |     2 |    24 ||    26
 Cast: Sandblast         |    35 |    20 ||    55
       Stone Arrow       |       |     6 ||     6
  Use: Scroll            |     4 |     5 ||     9
Armor: Robe              |     3 |     8 ||    11
Dodge: Dodged            |    12 |    14 ||    26
